 Dungeon Crawl Stone Soup version 0.31-a0-426-g3a05650e59 (webtiles) character file.

Game seed: 13084302484592937681

242839 drugrobin the Stormcaller (level 18, 0/160 HPs)
             Began as a Demigod Delver on July 30, 2023.
             Succumbed to an emperor scorpion's poison
             ... on level 3 of the Spider Nest.
             The game lasted 03:39:20 (57273 turns).

drugrobin the Stormcaller (Demigod Delver)         Turns: 57273, Time: 03:39:21

Health: 0/160      AC: 26    Str: 25    XL:     18   Next: 41%
Magic:  28/28      EV:  9    Int: 27    God:
Gold:   1236       SH:  9    Dex: 15    Spells: 4/25 levels left

rFire   + + +        a - +1 broad axe (vamp)
rCold   + . .        s - +2 shield of Resistance {rF++ rC++ Will++}
rNeg    . . .        m - +0 fire dragon scales
rPois   .            j - +2 helmet {Int+3}
rElec   +            y - +2 cloak
rCorr   .            h - +0 pair of gloves
SInv    .            w - +1 pair of boots {Fly}
Will    +++..        S - amulet of Ephabos {Faith rElec Regen+}
Stlth   +            q - +4 ring of protection
HPRegen 1.26/turn    W - +4 ring of slaying
MPRegen 0.21/turn

%: faith
@: lethally poisoned (0 -> -46), flying, very slightly contaminated, studying
Shields
A: high MP 1, forlorn, divine attributes
}: 1/15 runes: barnacled
a: no special abilities


You were on level 3 of the Spider Nest.
You visited 5 branches of the dungeon, and saw 30 of its levels.
You also visited: Bailey, Gauntlet and Volcano.

You collected 3669 gold pieces.
You spent 2433 gold pieces at shops.

Inventory:

Hand Weapons
 a - a +1 vampiric broad axe (weapon)
 b - a +1 spear of venom
 c - a +1 hand crossbow of flaming
 d - a +4 hand axe of electrocution
 e - the +7 mace of Nightmares {flame, SInv}
   (You found it on level 4 of the Lair of Beasts)

   SInv:      It lets you see invisible.
Missiles
 K - 3 curare-tipped darts
Armour
 h - a +0 pair of gloves (worn)
 j - a +2 helmet of intelligence (worn)
 m - +0 fire dragon scales (worn)
 o - a +2 helmet of see invisible
 s - the +2 shield of Resistance (worn) {rF++ rC++ Will++}
   (You bought it in a shop on level 1 of the Dungeon)

   rF:        It greatly protects you from fire.
   rC:        It greatly protects you from cold.
   Will:      It greatly increases your willpower.
 w - a +1 pair of boots of flying (worn)
 y - a +2 cloak (worn)
Magical Staves
 f - a staff of air
Jewellery
 i - a ring of protection from fire
 n - a ring of wizardry
 q - a +4 ring of protection (left hand)
 S - the amulet of Ephabos (around neck) {Faith rElec Regen+}
   (You found it on level 14 of the Dungeon)

   [amulet of faith]

   It allows you to gain divine favour quickly.
   rElec:     It insulates you from electricity.
   Regen:     It increases your rate of health regeneration.
 W - a +4 ring of slaying (right hand)
 Y - a ring of protection from cold
Wands
 g - a wand of digging (9)
 l - a wand of acid (10)
 u - a wand of flame (21)
 z - a wand of charming (31)
 B - a wand of mindburst (1)
 T - a wand of roots (21)
 Z - a wand of polymorph (5)
Scrolls
 p - 6 scrolls of fear
 r - 2 scrolls of fog
 x - 11 scrolls of vulnerability
 C - 18 scrolls of teleportation
 E - 5 scrolls of identify
 H - 2 scrolls of poison
 J - a scroll of revelation
 M - 8 scrolls of immolation
 R - 3 scrolls of silence
Potions
 k - 13 potions of curing
 t - 3 potions of lignification
 D - 6 potions of might
 F - 4 potions of brilliance
 G - 2 potions of invisibility
 I - 3 potions of heal wounds
 L - 3 potions of resistance
 N - 8 potions of ambrosia
 O - 6 potions of haste
 V - 5 potions of enlightenment
Miscellaneous
 v - a condenser vane
 P - a phial of floods
 Q - a sack of spiders
 U - a lightning rod (2/4)
 X - a phantom mirror


   Skills:
 + Level 14.2 Fighting
 - Level 18.0 Axes
 - Level 10.0 Armour
 - Level 1.7 Dodging
 - Level 4.5 Stealth
 - Level 4.0 Spellcasting
 + Level 19.7 Air Magic
 - Level 8.0 Evocations


You had 4 spell levels left.
You knew the following spells:

 Your Spells              Type           Power      Damage    Failure   Level
a - Vhi's Electric Charg  Tloc/Air       100%       N/A       2%          3
b - Blink                 Tloc           10%        N/A       54%         2
c - Airstrike             Air            42%        2d(6-22)  1%          4
d - Summon Lightning Spi  Summ/Air       56%        N/A       8%          4
e - Maxwell's Capacitive  Air            42%        ∞         65%         8

Your spell library contained the following spells:

 Spells                   Type           Power      Damage    Failure   Level
 Poisonous Vapours        Pois/Air       100%       N/A       1%          2
 Static Discharge         Conj/Air       100%       2-7/arc   1%          2
 Cigotuvi's Dreadful Rot  Necr/Pois/Air  82%        N/A       4%          2
 Foxfire                  Conj/Fire      20%        2x1d5     41%         1
 Freeze                   Ice            20%        1d4       41%         1
 Magic Dart               Conj           20%        1d4       41%         1
 Sting                    Tmut/Pois      20%        1d4       41%         1
 Lesser Beckoning         Tloc           10%        N/A       54%         2
 Momentum Strike          Conj/Tloc      10%        3d8       54%         2
 Searing Ray              Conj           10%        2d4       54%         2
 Dazzling Flash           Conj/Hex       10%        N/A       78%         3
 Frozen Ramparts          Ice            10%        1d2       78%         3
 Hailstorm                Conj/Ice       5%         3d4       78%         3
 Ozocubu's Armour         Ice            5%         N/A       78%         3
 Volatile Blastmotes      Fire/Tloc      10%        2d10      78%         3
 Anguish                  Hex/Necr       2%         N/A       99%         4
 Animate Dead             Necr           5%         N/A       99%         4
 Cause Fear               Hex            2%         N/A       99%         4
 Fulminant Prism          Conj/Hex       2%         3d5       99%         4
 Iskenderun's Mystic Bla  Conj/Tloc      5%         2d3       99%         4
 Olgreb's Toxic Radiance  Pois           5%         N/A       99%         4
 Petrify                  Tmut/Erth      5%         N/A       99%         4
 Summon Ice Beast         Ice/Summ       5%         N/A       99%         4
 Arcjolt                  Conj/Air       28%        1d38      22%         5
 Conjure Ball Lightning   Conj/Air       28%        3x3d8     75%         6
 Plasma Beam              Fire/Air       28%        2x1d40    75%         6
 Borgnjor's Vile Clutch   Necr/Erth      2%         N/A       100%        5
 Fireball                 Conj/Fire      2%         3d4       100%        5
 Iskenderun's Battlesphe  Conj           5%         2d6       100%        5
 Metabolic Englaciation   Hex/Ice        2%         N/A       100%        5
 Death Channel            Necr           2%         N/A       100%        6
 Simulacrum               Ice/Necr       2%         N/A       100%        6
 Starburst                Conj/Fire      2%         6d3       100%        6
 Enfeeble                 Hex            2%         N/A       100%        7
 Orb of Destruction       Conj           2%         9d5       100%        7
 Ozocubu's Refrigeration  Ice            2%         4d8       100%        7
 Polar Vortex             Ice            2%         N/A       100%        9


Dungeon Overview and Level Annotations

Branches:
Dungeon (15/15)            Temple (0/1) D:6            Lair (5/5) D:10
 Shoals (4/4) Lair:2       Spider (4/4) Lair:2        Slime (0/5) Lair:5
    Orc (2/2) D:12            Elf (0/3) Orc:2        Vaults (0/5) D:13
 Depths (0/4) D:15         Bailey (visited)         Volcano (visited)
Gauntlet (visited)

Shops:
D:1 [:***   D:4 [   D:5 !   D:7 *   Orc:2 :**?   Shoals:3 *   Shoals:4 (

Portals:
Trove: D:10 (show abyssal rune of Zot)

Annotations:
D:11 exclusion: door
D:12 3 runed translucent doors, zazu2006's ghost, journeyman GnWn
D:13 Azrael
Lair:1 3 runed translucent doors, drugrobin's ghost, journeyman DgDe
Spider:4 Arachne


Innate Abilities, Weirdness & Mutations

You have an increased reservoir of magic. (+10% MP)
You shall have no god before yourself.
Your divine heritage dramatically boosts your attributes as you level up.


Message History

You hit the emperor scorpion but do no damage.
The emperor scorpion is almost dead.
You feel extremely sick. The emperor scorpion barely misses you.
The emperor scorpion closely misses you.
You block the emperor scorpion's attack.
Unknown command.
Unknown command.
Unknown command.
You hit the emperor scorpion.
You feel better.
The emperor scorpion is almost dead.
You feel very sick. The emperor scorpion stings you.
* * * LOW HITPOINT WARNING * * *
You are lethally poisoned!
The emperor scorpion poisons you!
You block the emperor scorpion's attack. x2
The emperor scorpion closely misses you.
The emperor scorpion claws you but does no damage. x2
Unknown command.
Unknown command.
Unknown command.
Unknown command.
Aiming: Thunderbolt
Press: ? - help, Shift-Dir - straight line, f - emperor scorpion
Aim: an emperor scorpion (almost dead)
The thunderbolt hits the emperor scorpion!
The emperor scorpion is almost dead.
* * * LOW HITPOINT WARNING * * *
You feel extremely sick.
You block the emperor scorpion's attack.
The emperor scorpion closely misses you.
The emperor scorpion claws you but does no damage.
Unknown command.
Aiming: Thunderbolt
Press: ? - help, Shift-Dir - straight line, f/p - emperor scorpion
Aim: an emperor scorpion (almost dead)
The thunderbolt hits the emperor scorpion!!
You kill the emperor scorpion!
You die...

##..## #####.### ### ##.^
##..#### #..# #... ###...## #..#
##... ##...## #..# ###....
###..## #>.# ###...... #...#
##..# ##.....##. ##..###...#
##)....#### ##...#..## #...<.##
# ##..@.^# ##....## # ####
##^.[####.....# ##..##
##[.........## #....##
###..........## #^....#
###..#........##
#.....####...#####.....#########
#....###.^.### ##............#
#....##..##### #........##..^
#....##.#....#### ##........####


There were no monsters in sight!

Vanquished Creatures
  Bai Suzhen (Shoals:3)
  Nikola (Shoals:1)
  Rupert (D:13)
  Frances (Spider:1)
  A kraken (Shoals:4)
  Gastronok (Lair:2)
  A tengu reaver (D:12)
  Ilsuiw (Shoals:3)
  A ghost moth (shapeshifter) (D:13)
  A frost giant (Shoals:3)
  2 emperor scorpions (Spider:3)
  A broodmother (Spider:1)
  Nessos (Lair:5)
  A dire elephant (Lair:3)
  A minotaur (Gauntlet)
  2 spark wasps (Spider:3)
  3 merfolk javelineers (Shoals:4)
  An ettin (D:12)
  A fire dragon (Lair:5)
  4 merfolk impalers
  3 entropy weavers
  A yaktaur captain (D:12)
  A jorogumo (Spider:2)
  An anaconda (shapeshifter) (D:12)
  Erolcha (D:12)
  6 vault guards (D:13)
  4 hydras
  9 centaur warriors
  3 alligator snapping turtles
  3 merfolk avatars (Shoals:4)
  A catoblepas (Shoals:4)
  4 two-headed ogres
  8 boulder beetles
  3 satyrs
  4 death yaks
  Erica (D:8)
  2 radroaches
  3 merfolk aquamancers
  A tengu warrior (D:10)
  Urug (D:13)
  6 demonic crawlers
  5 orc high priests (Orc:2)
  Sonja (D:13)
  Lodul (D:10)
  The ghost of jejorda2 the Martial Artist, a novice GnBe of Trog (D:7)
  2 fire crabs
  7 skeletal warriors
  3 sun moths
  3 skysharks
  6 pharaoh ants
  8 sea snakes
  3 orb spiders (Spider:2)
  A swamp dragon (Lair:5)
  A wizard (D:14)
  11 steelbarb worms
  42 harpies
  2 lindwurms
  An anaconda skeleton (Volcano)
  A necromancer (D:15)
  A deep elf zephyrmancer (D:8)
  6 orc knights
  7 deep elf pyromancers
  15 wolf spiders
  5 ugly things
  3 oklob plants (Lair:5)
  2 orc sorcerers
  13 fauns
  3 moths of wrath
  22 elephants
  7 cyclopes
  19 manticores
  An ice statue (D:10)
  A centaur zombie (D:15)
  2 black mambas (Lair:2)
  8 merfolk sirens
  7 water nymphs
  4 torpor snails
  Maggie (D:7)
  4 unseen horrors
  4 gargoyles
  13 komodo dragons
  22 cane toads
  4 rime drakes
  Psyche (D:9)
  An efreet (D:12)
  A yaktaur (D:12)
  A tengu conjurer (D:13)
  A queen bee (Lair:1)
  26 merfolk
  2 meliai
  13 trolls
  10 wind drakes
  8 polar bears
  Prince Ribbit (D:9)
  A harpy skeleton (Volcano)
  20 tarantellas
  16 blink frogs
  2 snapping turtles
  16 dream sheep
  3 raiju
  22 slime creatures
  16 jumping spiders
  A centaur simulacrum (D:15)
  15 culicivoras
  3 flying skulls (Volcano)
  2 shadows (D:12)
  3 wraiths
  2 wyverns
  10 water elementals
  A spriggan (Lair:3)
  An alligator skeleton (Volcano)
  Grum (D:9)
  6 steam dragons
  10 basilisks
  4 fire elementals
  19 yaks
  32 redbacks
  10 vampire mosquitoes
  9 wargs
  Duvessa (D:7)
  7 acid dragons
  13 water moccasins
  8 nameless horrors
  14 hell hounds
  4 sky beasts
  33 orc warriors
  An ice beast (D:6)
  10 black bears (Lair:5)
  11 ogres
  33 wolves
  21 centaurs
  3 phantoms
  A kobold brigand (D:8)
  19 bullfrogs
  12 gnoll sergeants
  2 scorpions
  4 wights
  38 killer bees
  Dowan (D:7)
  A spriggan skeleton (Volcano)
  6 howler monkeys
  5 electric eels
  31 orc priests
  5 hounds
  3 jellies
  Terence (D:2)
  A sleepcap (D:6)
  Jessica (D:2)
  5 iguanas
  Ijyb (D:5)
  9 gnoll boudas
  14 orc wizards
  A naga skeleton (Volcano)
  25 gnolls
  11 adders
  2 shadow imps
  3 ufetubi
  3 worms
  60 orcs
  5 bats
  10 endoplasms
  2 giant cockroaches
  10 goblins
  6 hobgoblins
  3 quokkas
  3 training dummies (Shoals:4)
  15 ball pythons
  2 frilled lizards
  11 kobolds
  4 rats
  A tentacle (Shoals:4)
1152 creatures vanquished.

Vanquished Creatures (collateral kills)
  Jorgrun (D:13)
  Mlioglotl (Spider:1)
  Polyphemus (Shoals:3)
  2 merfolk impalers (Shoals:3)
  An entropy weaver (Spider:3)
  A merfolk javelineer (Shoals:4)
  A vault guard (D:13)
  2 merfolk avatars (Shoals:4)
  2 jorogumos (Spider:3)
  A radroach (Spider:3)
  A boulder beetle (D:14)
  4 death yaks (Lair:5)
  A tengu warrior (D:12)
  2 demonic crawlers (Lair:2)
  A skyshark (Shoals:3)
  A pharaoh ant (Spider:3)
  A skeletal warrior (D:11)
  A sea snake (Shoals:4)
  A wizard (D:15)
  A steelbarb worm (Spider:1)
  A deep elf zephyrmancer (D:15)
  A lindwurm (Lair:5)
  A wolf spider (Spider:2)
  3 ugly things
  3 manticores
  2 fauns (Shoals:1)
  8 elephants
  A naga mage (D:15)
  2 water nymphs
  3 merfolk sirens (Shoals:4)
  2 black mambas
  A cane toad (Lair:5)
  A centaur skeleton (D:15)
  A kobold demonologist (D:12)
  A komodo dragon (Lair:4)
  3 polar bears (Lair:5)
  3 wind drakes (Shoals:4)
  4 tarantellas
  A blink frog (Lair:4)
  3 dream sheep (Shoals:4)
  A snapping turtle (Shoals:4)
  A jumping spider (Spider:1)
  2 slime creatures (D:15)
  8 culicivoras
  2 centaur simulacra (D:15)
  7 redbacks
  A basilisk (Lair:5)
  2 vampire mosquitoes (D:13)
  2 hell hounds (Lair:5)
  3 orc warriors (Orc:2)
  A black bear (Lair:5)
  2 wolves
  An orc priest (Orc:1)
  3 orcs
108 creatures vanquished.

Vanquished Creatures (others)
  An unseen horror (D:12)
  5 tentacles (Shoals:4)
6 creatures vanquished.

Grand Total: 1266 creatures vanquished

Notes
Turn   | Place    | Note
-------+----------+-------------------------------------------
     0 | D:5      | drugrobin the Demigod Delver began the quest for the Orb.
     0 | D:5      | Reached XP level 1. HP: 18/18 MP: 3/3
     8 | D:5      | Noticed a hound
    43 | D:5      | Noticed a scorpion
    43 | D:5      | Noticed a jelly
    65 | D:4      | Noticed a phantom
    70 | D:4      | Found Yzam's Armour Emporium.
   201 | D:3      | Reached XP level 2. HP: 9/25 MP: 4/4
   479 | D:3      | HP: 1/25 [orc/+0 whip (3)]
   526 | D:1      | Found Caleclak's Antique Armour Emporium.
   529 | D:1      | Reached XP level 3. HP: 9/30 MP: 5/5
   903 | D:2      | Noticed Jessica
  1010 | D:3      | Reached XP level 4. HP: 37/37 MP: 6/6
  1368 | D:1      | Found Idghecha's Assorted Antiques.
  1445 | D:1      | Found Heoll's Book Shop.
  1494 | D:1      | Found Duneogh's General Store.
  1497 | D:1      | Bought a +0 arbalest of draining for 101 gold pieces
  1776 | D:1      | Found Vifyaleu's Assorted Antiques.
  1781 | D:1      | Bought a glowing pearl amulet for 125 gold pieces
  2146 | D:2      | Killed Jessica
  2433 | D:2      | Noticed Terence
  2438 | D:2      | Killed Terence
  2439 | D:2      | Reached skill level 5 in Axes
  2439 | D:2      | Reached XP level 5. HP: 42/42 MP: 7/7
  2798 | D:4      | Reached XP level 6. HP: 43/50 MP: 8/8
  3405 | D:5      | Noticed Ijyb
  4008 | D:5      | Found Sosofas's Distillery.
  4013 | D:5      | Bought a potion of curing for 42 gold pieces
  4013 | D:5      | Bought a potion of degeneration for 14 gold pieces
  4042 | D:4      | Reached XP level 7. HP: 56/56 MP: 9/9
  4456 | D:6      | Reached skill level 1 in Evocations
  4938 | D:6      | Found a staircase to the Ecumenical Temple.
  5346 | D:6      | Reached XP level 8. HP: 57/62 MP: 10/10
  5794 | D:7      | Found a transporter.
  5821 | D:7      | Noticed Maggie
  5825 | D:7      | Killed Maggie
  6087 | D:7      | Noticed a moth of wrath
  6090 | D:7      | Noticed jejorda2's ghost (novice GnBe)
  6097 | D:7      | Found a transporter.
  6181 | D:7      | Found Zergheomo's Serpentskin Sales.
  6197 | D:7      | Bought 6 curare-tipped darts for 108 gold pieces
  6507 | D:7      | Reached skill level 10 in Axes
  6605 | D:7      | Noticed Dowan
  6606 | D:7      | Noticed Duvessa
  6619 | D:7      | Killed Dowan
  6632 | D:7      | Killed Duvessa
  7300 | D:5      | Reached XP level 9. HP: 68/68 MP: 11/11
  7510 | D:5      | Killed Ijyb
  7667 | D:8      | Noticed Erica
  8169 | D:8      | Killed Erica
  8758 | D:8      | Killed an unseen horror
  8947 | D:8      | Noticed a centaur warrior
  8968 | D:8      | Killed a centaur warrior
  8968 | D:8      | HP: 2/68 [steam dragon/ball of steam (16)]
  8969 | D:8      | Reached skill level 5 in Evocations
  9182 | D:8      | Identified the ring "Feray" {Fly rElec Str+4 Dex+5 Stlth-}
  9193 | D:8      | Reached XP level 10. HP: 57/74 MP: 13/13
  9516 | D:8      | Noticed a two-headed ogre
  9567 | D:8      | Killed a two-headed ogre
  9768 | D:8      | Noticed an orc sorcerer
  9947 | D:8      | Noticed an orc knight
 10010 | D:8      | Killed an orc knight
 10251 | D:8      | Got the Octavo of the Crevasse and Pollution
 10385 | D:8      | Noticed a two-headed ogre
 10406 | D:8      | Killed a two-headed ogre
 10594 | D:1      | Bought a throwing net for 30 gold pieces
 10594 | D:1      | Bought a scroll of identify for 20 gold pieces
 10928 | D:9      | Noticed Psyche
 10943 | D:9      | Killed Psyche
 11241 | D:9      | Found a flagged portal.
 11241 | D:9      | Noticed Prince Ribbit
 11249 | D:9      | Killed Prince Ribbit
 11285 | Bailey   | Entered a bailey
 12141 | Bailey   | Reached XP level 11. HP: 20/82 MP: 14/14
 13099 | D:1      | Bought an embroidered hat for 203 gold pieces
 13106 | D:1      | Bought a scroll of identify for 58 gold pieces
 13106 | D:1      | Bought a pink potion for 26 gold pieces
 13106 | D:1      | Bought a scroll of identify for 58 gold pieces
 13106 | D:1      | Bought a silvery potion for 26 gold pieces
 13559 | D:8      | Noticed a deep elf pyromancer
 13565 | D:8      | Noticed a deep elf zephyrmancer
 13580 | D:8      | Killed a deep elf pyromancer
 13590 | D:8      | Killed a deep elf zephyrmancer
 13857 | D:9      | Noticed Grum
 13886 | D:9      | Killed Grum
 14042 | D:10     | Entered Level 10 of the Dungeon
 14102 | D:10     | Reached skill level 5 in Fighting
 14102 | D:10     | Reached skill level 15 in Axes
 14420 | D:10     | Noticed a tengu warrior
 14435 | D:10     | Killed a tengu warrior
 14574 | D:10     | Found a portal to a secret trove of treasure.
 14784 | D:10     | Learned a level 2 spell: Blink
 14788 | D:10     | Learned a level 3 spell: Vhi's Electric Charge
 14904 | D:10     | Noticed Lodul
 14923 | D:10     | Killed Lodul
 15141 | D:10     | Found a staircase to the Lair.
 15530 | D:11     | Identified the +4 spear "Giantslayer" {heavy, Fragile Will+
                  | rCorr Int+4}
 15667 | D:11     | Found a gate leading to a gauntlet.
 15685 | Gauntlet | Entered a Gauntlet
 15685 | Gauntlet | Found a transporter.
 15685 | Gauntlet | Found a runed translucent gate.
 15685 | Gauntlet | Found a transporter.
 15685 | Gauntlet | Found a runed translucent gate.
 15689 | Gauntlet | Found a runed translucent door.
 15691 | Gauntlet | Found a transporter.
 15693 | Gauntlet | Found a runed translucent door.
 15704 | Gauntlet | Found a transporter.
 15722 | Gauntlet | Found a transporter.
 15722 | Gauntlet | Found a transporter.
 15722 | Gauntlet | Found a transporter.
 15725 | Gauntlet | Found a transporter.
 15725 | Gauntlet | Found a transporter.
 15726 | Gauntlet | Noticed a death yak
 15726 | Gauntlet | Noticed a death yak
 15726 | Gauntlet | Noticed a death yak
 15726 | Gauntlet | Noticed a death yak
 15727 | Gauntlet | Noticed a death yak
 15727 | Gauntlet | Noticed a death yak
 15737 | Gauntlet | Found a transporter.
 15738 | Gauntlet | Noticed a necromancer
 15752 | Gauntlet | Noticed a ghost crab
 15755 | Gauntlet | Found a transporter.
 15762 | Gauntlet | Noticed a cacodemon
 15768 | Gauntlet | Found a transporter.
 15780 | Gauntlet | Found a transporter.
 15800 | Gauntlet | Found a transporter.
 15807 | Gauntlet | Found a runed translucent gate.
 16029 | Gauntlet | Learned a level 4 spell: Airstrike
 16056 | Gauntlet | Reached skill level 1 in Air Magic
 16152 | Gauntlet | Noticed a minotaur
 16164 | Gauntlet | Killed a minotaur
 16165 | Gauntlet | Reached skill level 2 in Air Magic
 16279 | Gauntlet | Identified the staff of a wizard's laboratory {rN+ Will+
                  | Necro}
 16392 | D:11     | Identified the +0 helmet of Seas {rF+ Str+8 Slay-4}
 16505 | D:11     | Noticed a two-headed ogre
 16525 | D:11     | Killed a two-headed ogre
 16572 | D:11     | Reached skill level 3 in Air Magic
 17264 | D:11     | Reached XP level 12. HP: 88/96 MP: 15/15
 17435 | D:11     | Reached skill level 4 in Air Magic
 17772 | D:12     | Found a staircase to the Orcish Mines.
 18240 | D:12     | Found a runed translucent gate.
 18240 | D:12     | Found a runed translucent gate.
 18240 | D:12     | Found a runed translucent gate.
 18241 | D:12     | Noticed a merfolk impaler
 18242 | D:12     | Noticed a centaur warrior
 18244 | D:12     | Noticed zazu2006's ghost (journeyman GnWn)
 18289 | D:12     | Noticed a centaur warrior
 18296 | D:12     | Killed a centaur warrior
 18297 | D:12     | Reached skill level 5 in Air Magic
 18486 | D:12     | Noticed a yaktaur captain
 18503 | D:12     | Killed a yaktaur captain
 18504 | D:12     | Reached skill level 6 in Air Magic
 18770 | D:12     | Noticed a centaur warrior
 19251 | Lair:1   | Entered Level 1 of the Lair of Beasts
 19303 | Lair:1   | Reached skill level 7 in Air Magic
 19349 | Lair:1   | Reached skill level 1 in Spellcasting
 19603 | Lair:1   | Found a runed translucent gate.
 19603 | Lair:1   | Found a runed translucent gate.
 19603 | Lair:1   | Found a runed translucent gate.
 19927 | Lair:1   | Found a dark tunnel.
 19935 | Volcano  | Entered a volcano
 20539 | Volcano  | Learned a level 4 spell: Summon Lightning Spire
 20614 | Volcano  | Reached skill level 8 in Air Magic
 20745 | Lair:1   | Reached XP level 13. HP: 93/104 MP: 17/21
 21095 | Lair:1   | Noticed drugrobin's ghost (journeyman DgDe)
 21095 | Lair:1   | Noticed a minotaur
 21152 | Lair:1   | You are sucked into a shaft and drop 1 floor!
 21767 | Lair:1   | HP: 5/104 [komodo dragon (11)]
 22327 | Lair:2   | Found a staircase to the Shoals.
 22363 | Lair:2   | Noticed Gastronok
 22394 | Lair:2   | Found a hole to the Spider Nest.
 22563 | Lair:2   | Reached skill level 9 in Air Magic
 24184 | Lair:3   | Reached skill level 10 in Air Magic
 24982 | Lair:3   | Noticed a dire elephant
 25354 | Lair:3   | Killed a dire elephant
 26148 | Lair:4   | Identified the +7 mace of Nightmares {flame, SInv}
 26357 | Lair:4   | Reached XP level 14. HP: 116/116 MP: 19/24
 26536 | Lair:4   | Reached skill level 11 in Air Magic
 27489 | Lair:5   | Entered Level 5 of the Lair of Beasts
 27874 | Lair:5   | Noticed Nessos
 28122 | Lair:5   | Reached skill level 12 in Air Magic
 28137 | Lair:5   | Killed Nessos
 28409 | Lair:5   | Learned a level 8 spell: Maxwell's Capacitive Coupling
 30087 | Lair:5   | Found a staircase to the Slime Pits.
 31325 | Lair:2   | Killed Gastronok
 31326 | Lair:2   | Reached skill level 13 in Air Magic
 31547 | D:10     | Identified the +4 mace of the Sky {drain, Stlth+}
 31693 | D:7      | Reached skill level 10 in Fighting
 31702 | D:7      | HP: 6/121 [jejorda2's ghost (16)]
 31713 | D:7      | Killed jejorda2's ghost
 31955 | D:1      | Bought the +2 shield of Resistance {rF++ rC++ Will++} for
                  | 1480 gold pieces
 31955 | D:1      | Found the +2 shield of Resistance {rF++ rC++ Will++}
 32151 | Orc:1    | Entered Level 1 of the Orcish Mines
 32466 | Orc:2    | Entered Level 2 of the Orcish Mines
 32498 | Orc:2    | Found a staircase to the Elven Halls.
 33213 | Orc:2    | Reached XP level 15. HP: 42/126 MP: 6/25
 34595 | Orc:2    | Found Myipiof's Book Shoppe.
 34598 | Orc:2    | Found Amaefext's General Store.
 34599 | Orc:2    | Found Hiechaph's Magic Scroll Shoppe.
 34600 | Orc:2    | Found Yretiod's General Store.
 34605 | Orc:2    | Bought a scroll of fear for 52 gold pieces
 34609 | Orc:2    | Bought a scroll of teleportation for 33 gold pieces
 35054 | D:13     | Noticed Rupert
 35338 | D:12     | Noticed a tengu reaver
 35479 | D:12     | Reached skill level 14 in Air Magic
 36195 | D:12     | Killed a tengu reaver
 36910 | D:13     | Noticed Erolcha
 36953 | D:12     | Killed Erolcha
 37496 | D:13     | Noticed Urug
 37509 | D:13     | Killed Urug
 37722 | D:13     | Killed Rupert
 38151 | D:13     | Noticed Sonja
 38155 | D:13     | Killed Sonja
 38156 | D:13     | Reached skill level 15 in Air Magic
 38603 | D:13     | Noticed Jorgrun
 38607 | D:13     | Killed Jorgrun
 38828 | D:13     | Found a gate to the Vaults.
 39177 | D:14     | Identified the amulet of Ephabos {Faith rElec Regen+}
 39241 | D:14     | Noticed Azrael
 40130 | D:15     | Entered Level 15 of the Dungeon
 40192 | D:15     | Reached XP level 16. HP: 138/139 MP: 18/26
 40998 | D:15     | Reached skill level 16 in Air Magic
 41048 | D:15     | Found a staircase to the Depths.
 41417 | Spider:1 | Entered Level 1 of the Spider Nest
 42110 | Spider:1 | Reached skill level 1 in Armour
 42165 | Spider:1 | Noticed Mlioglotl
 42195 | Spider:1 | Killed Mlioglotl
 42472 | Spider:1 | Identified a scroll of acquirement
 42473 | Spider:1 | Acquired a staff of air
 43009 | Spider:1 | Noticed Frances
 43149 | Spider:1 | Killed Frances
 46189 | Spider:3 | Reached skill level 5 in Armour
 46300 | Spider:3 | Reached skill level 17 in Air Magic
 47691 | Spider:3 | Upgraded the game from 0.31-a0-408-gb642c7f9a3 to
                  | 0.31-a0-426-g3a05650e59
 47842 | Spider:4 | Entered Level 4 of the Spider Nest
 47865 | Spider:3 | Reached XP level 17. HP: 91/149 MP: 21/27
 48555 | Spider:4 | Noticed Arachne
 48915 | Shoals:1 | Entered Level 1 of the Shoals
 49831 | Shoals:1 | Noticed Nikola
 49872 | Shoals:1 | Killed Nikola
 50006 | Shoals:1 | You are sucked into a shaft and drop 1 floor!
 50018 | Shoals:2 | Reached skill level 18 in Air Magic
 50110 | Shoals:1 | HP: 3/149 [harpy (12)]
 53033 | Shoals:3 | Reached skill level 10 in Armour
 53162 | Shoals:3 | Found Limat's General Store.
 53174 | Shoals:3 | Bought a potion of curing for 57 gold pieces
 53645 | Shoals:4 | Entered Level 4 of the Shoals
 53675 | Shoals:4 | Noticed Bai Suzhen
 53704 | Shoals:4 | Noticed Polyphemus
 53768 | Shoals:3 | Killed Polyphemus
 53786 | Shoals:3 | Reached skill level 19 in Air Magic
 54132 | Shoals:4 | Reached XP level 18. HP: 145/157 MP: 23/28
 54146 | Shoals:4 | Identified the ring of Zyplul {rElec rPois rC- Int+6 SInv}
 54409 | Shoals:4 | Found Xelugec's Firing Range.
 54616 | Shoals:4 | Noticed Ilsuiw
 54916 | Shoals:3 | Killed Bai Suzhen
 55232 | Shoals:3 | Killed Ilsuiw
 55918 | Shoals:4 | Got a barnacled rune of Zot
 56218 | Shoals:4 | Found the +9 sword of Zonguldrok {reap}
 56612 | Shoals:4 | Identified the staff of the Fifty Scars {Str-3 Int+9 Conj}
 57273 | Spider:3 | Succumbed to an emperor scorpion's poison

Illustrated notes

Levels and vault maps discovered:
D:1:      tarquinn_simple_flora_water_e, layout_loops_ring, serial_shops,
          nicolae_shop_real_fake_doors, shop, shop, shop,
          nicolae_shop_tiny_real_fake_doors, minmay_gold_behind_fungi
D:2:      layout_basic, ebering_ecumenical_altar_mist, uniq_terence,
          uniq_jessica
D:3:      layout_basic, nicolae_concentric_dashed_squares_wild,
          minmay_shallow_snake_nest
D:4:      layout_cave_pools, gammafunk_temple_overflow_claw, serial_shops, shop,
          grunt_tough_drop
D:5:      layout_cave_pools, nemelex_spade_bored_becter, serial_shops,
          nicolae_shop_back_alley_shop, uniq_ijyb
D:6:      layout_basic, grunt_temple_overflow_growth_and_decay,
          minmay_temple_entry_poolview
D:7:      layout_loops_cross, gammafunk_ghost_wrathful_warriors, fountainhead,
          guppyfry_shop_venom, uniq_duvessa, uniq_maggie
D:8:      minmay_bloctagon, layout_cave_pods, minmay_misc_feat_x,
          minmay_the_grid_2x2 [minmay_the_grid_zigzag_pyramid,
          minmay_the_grid_tri_star, minmay_the_grid_gridbox,
          minmay_the_grid_prize_diamond_cup], uniq_erica
D:9:      layout_loops_corners, enter_bailey_7, st_stairs_12,
          chequers_serial_rivers_large_b, uniq_psyche, uniq_prince_ribbit1,
          uniq_grum
D:10:     layout_loops_ring, erik_lair_orcish_takeover,
          nicolae_trove_entry_crossroad, minivault_15, uniq_lodul
D:11:     layout_grid_maze, gauntlet_entry_generic, grunt_decor_arrowhead
D:12:     nzn_winding_woodlands_large [nzn_winding_woodlands_5x5_three,
          nzn_winding_woodlands_5x15_pool, nzn_winding_woodlands_5x5_default,
          nzn_winding_woodlands_center_lodge,
          nzn_winding_woodlands_15x15_eel_pit,
          nzn_winding_woodlands_center_garden,
          nzn_winding_woodlands_5x5_perimeter,
          nzn_winding_woodlands_5x15_jagged,
          nzn_winding_woodlands_5x5_closed_star], layout_stronghold,
          david_orc_2, gammafunk_ghost_fury_of_okawaru
D:13:     layout_loops_ring, erik_vaults_2, yredelemnul_altar_generic,
          uniq_rupert, uniq_sonja, uniq_urug, uniq_jorgrun, uniq_erolcha
D:14:     layout_roguey, kennysheep_path_1, zin_treasury, uniq_azrael
D:15:     grunt_enter_depths_magical_seal, layout_irregular_city,
          nicolae_uskayaw_en_pointe, hangedman_decor_growths, drop_trap
Lair:1:   layout_roguey [special_room_bee], maelrawn_ghost_gauntlet_escape,
          enter_volcano_3, grunt_megastairs_1
Lair:2:   layout_roguey, minmay_shoals_entry_beasts, spider_nest_entry_rubble,
          grunt_megastairs_5, uniq_gastronok
Lair:3:   mu_elephants_graveyard, layout_cave_pods
Lair:4:   layout_regular_city
Lair:5:   hangedman_lair_caniforms_friends, layout_regular_city,
          guppyfry_lair_end_dragon, minmay_slime_entry_oklob_enclosed,
          infiniplex_staircase_pool_2, grunt_megastairs_3, uniq_nessos
Shoals:1: layout_shoals, uniq_nikola
Shoals:2: layout_shoals, nicolae_shoals_lost_giant_temple
Shoals:3: layout_shoals, serial_shops, shop
Shoals:4: shoals_end_grunt_ice, layout_shoals, shoals_ilsuiw_alternative,
          nicolae_shop_firing_range, uniq_bai_suzhen, uniq_polyphemus
Spider:1: layout_spider_delve, uniq_frances, uniq_mlioglotl
Spider:2: layout_spider_delve
Spider:3: layout_cave_pods
Spider:4: hellmonk_spider_rune_bug_friends, uniq_arachne
Orc:1:    layout_caves, basic_altar
Orc:2:    st_orc_pillars, layout_diamond_mine

Skill      XL: |  1  2  3  4  5  6  7  8  9 10 11 12 13 14 15 16 17 18 |
---------------+-------------------------------------------------------+-----
Axes           | 2 3 4 5 6 7 8 10 12 14 15 16 17 18 | 18.0
Evocations     | 3 4 5 6 8 |  8.0
Fighting       | 3 6 8 10 11 13 14 | 14.2
Air Magic      | 3 8 10 13 15 17 19 | 19.7
Spellcasting   | 3 4 |  4.0
Armour         | 6 10 | 10.0
Dodging        | |  1.7
Stealth        | |  4.5

Action                     |  1- 3 |  4- 6 |  7- 9 | 10-12 | 13-15 | 16-18 || total
---------------------------+-------+-------+-------+-------+-------+-------++-------
  Melee: Staff             |    28 |       |     3 |       |       |       ||    31
         Hand axe          |   144 |   105 |    54 |       |   468 |   814 ||  1585
         Punch             |     2 |     3 |     3 |       |       |       ||     8
         Mace              |       |    94 |   272 |    77 |   540 |    17 ||  1000
         Battleaxe         |       |       |       |   272 |       |       ||   272
         Spear             |       |       |       |   496 |   400 |   113 ||  1009
         Halberd           |       |       |       |    15 |       |       ||    15
         War axe           |       |       |       |     5 |       |       ||     5
         Broad axe         |       |       |       |       |       |   627 ||   627
   Fire: Arbalest          |       |    54 |    73 |    28 |       |       ||   155
         Hand crossbow     |       |       |       |       |    94 |    14 ||   108
  Throw: Throwing net      |       |     1 |       |     7 |       |     1 ||     9
         Boomerang         |       |       |     7 |    22 |    18 |       ||    47
         Dart              |       |       |     8 |    18 |     4 |     5 ||    35
   Cast: Airstrike         |       |       |       |    10 |   266 |   269 ||   545
         Vhi's Electric Ch |       |       |       |     1 |     1 |     3 ||     5
         Summon Lightning  |       |       |       |       |    80 |   128 ||   208
         Blink             |       |       |       |       |     5 |     1 ||     6
  Evoke: Wand              |       |       |    22 |    12 |    30 |    24 ||    88
         Phantom mirror    |       |       |       |     1 |     1 |     2 ||     4
         Lightning rod     |       |       |       |     4 |     6 |     2 ||    12
         Condenser vane    |       |       |       |       |     1 |       ||     1
    Use: Scroll            |     1 |     2 |       |    18 |     7 |     8 ||    36
         Potion            |     1 |       |     2 |     1 |     7 |     6 ||    17
   Stab: Sleeping          |       |       |     1 |    13 |     3 |       ||    17
         Held in net/web   |       |       |       |     6 |       |       ||     6
         Distracted        |       |       |       |     1 |    10 |    30 ||    41
         Invisible         |       |       |       |       |     1 |       ||     1
         Petrified         |       |       |       |       |       |    16 ||    16
         Petrifying        |       |       |       |       |       |     1 ||     1
 Armour: Chain mail        |    95 |   175 |   110 |       |       |       ||   380
         Swamp dragon scal |       |       |   120 |   290 |       |       ||   410
         Skin              |       |       |       |     5 |       |       ||     5
         Troll leather arm |       |       |       |    39 |   627 |    49 ||   715
         Fire dragon scale |       |       |       |       |       |   832 ||   832
  Dodge: Dodged            |    76 |    98 |   162 |   390 |   504 |   630 ||  1860
  Block: Kite shield       |       |       |       |   195 |   687 |   817 ||  1699
         Reflection        |       |       |       |    11 |     3 |       ||    14

Table legend: (Time is in decaauts)
 A = Elapsed time spent in this place.
 B = Non-inter-level travel time spent in this place.
 C = Inter-level travel time spent in this place.
 D = Time resting spent in this place.
 E = Time spent auto-exploring this place.
 F = Levels seen in this place.
 G = Mean time per level.
                   A        B        C        D        E       F      G
               +--------+--------+--------+--------+--------+-----+--------+
         Total |  57121 |  53348 |   3773 |  11382 |  24946 |  33 | 1730.9 |
       Dungeon |  24644 |  22466 |   2178 |   4733 |  11110 |  15 | 1642.9 |
          Lair |  11797 |  11059 |    738 |   1970 |   5303 |   5 | 2359.4 |
        Shoals |   7850 |   7644 |    206 |   1719 |   3380 |   4 | 1962.5 |
   Spider Nest |   7413 |   6822 |    591 |   1641 |   3086 |   4 | 1853.2 |
  Orcish Mines |   2767 |   2708 |     59 |    259 |   1547 |   2 | 1383.5 |
        Bailey |   1186 |   1186 |      0 |    726 |    113 |   1 | 1186.0 |
       Volcano |    805 |    805 |      0 |     98 |    236 |   1 |  805.0 |
      Gauntlet |    657 |    657 |      0 |    235 |    171 |   1 |  657.0 |
               +--------+--------+--------+--------+--------+-----+--------+

Top non-repeatable levels by time:
  Lair:5: 3693 daAuts
    D:12: 3591 daAuts
     D:8: 3176 daAuts
Spider:3: 2942 daAuts
  Lair:3: 2508 daAuts
Spider:1: 2342 daAuts
Shoals:4: 2272 daAuts
   Orc:2: 2223 daAuts
Shoals:3: 2169 daAuts
  Lair:1: 2073 daAuts
     D:7: 2024 daAuts
Shoals:1: 1942 daAuts
  Lair:2: 1922 daAuts
    D:11: 1889 daAuts
Spider:2: 1881 daAuts
